 Dungeon Crawl Stone Soup version 0.28-a0-1629-gf728b707aa (webtiles) character file.

Game seed: 4578358638353141099

88 HallandMoats the Skirmisher (level 4, 0/40 HPs)
             Began as a Ghoul Fighter on Jan 25, 2022.
             Slain by a gnoll (5 damage)
             ... on level 2 of the Dungeon.
             The game lasted 00:01:35 (1732 turns).

HallandMoats the Skirmisher (Ghoul Fighter)         Turns: 1732, Time: 00:01:37

Health: 0/40       AC:  6    Str: 19    XL:     4   Next: 54%
Magic:  4/4        EV:  9    Int:  5    God:
Gold:   108        SH:  4    Dex:  8    Spells: 3/3 levels left

rFire   . . .      SeeInvis .   a - +0 war axe
rCold   + . .      Faith    .   c - +0 buckler
rNeg    + + +      Spirit   .   b - +0 scale mail
rPois   ∞          Reflect  .   (no helmet)
rElec   .          Harm     .   (no cloak)
rCorr   .          Rampage  .   (no gloves)
Will    .....                   (no boots)
Stlth   ..........              (no amulet)
HPRegen 0.00/turn               (no ring)
MPRegen 0.09/turn               (no ring)

@: inhibited regen
A: claws 1, cold resistance 1, negative energy resistance 3, inhibited
regeneration, torment resistance 2
a: no special abilities


You were on level 2 of the Dungeon.
You visited 1 branch of the dungeon, and saw 2 of its levels.

You collected 108 gold pieces.

Inventory:

Hand Weapons
 a - a +0 war axe (weapon)
Armour
 b - a +0 scale mail (worn)
 c - a +0 buckler (worn)
Jewellery
 e - an amulet of reflection
Potions
 d - a potion of might
 f - a potion of curing {unknown}


   Skills:
 + Level 3.7 Fighting
 * Level 2.6 Axes
 + Level 3.0 Armour
 + Level 1.0 Dodging
 + Level 3.0 Shields
 * Level 1.4 Invocations


You had 3 spell levels left.
You didn't know any spells.
Your spell library contained the following spells:

 Spells                   Type           Power      Damage    Failure   Level
 Ensorcelled Hibernation  Hex/Ice        0%         N/A       97%         2
 Passwall                 Tmut/Erth      0%         N/A       97%         2
 Swiftness                Air            0%         N/A       99%         3


Dungeon Overview and Level Annotations

Branches:
Dungeon (2/15)

Altars:

Shops:
D:2 =


Innate Abilities, Weirdness & Mutations

You thrive by killing the living.
You are immune to poison.
You have sharp fingernails.
Your flesh is cold resistant. (rC+)
You are immune to negative energy. (rN+++)
You do not regenerate when monsters are visible.
You are immune to unholy pain and torment.


Message History

You climb downwards.
You block the gnoll's attack.
The gnoll hits you from afar with a +0 spear.
The gnoll closely misses you.
There is a stone staircase leading up here.
The gnoll barely misses you.
Things that are here:
2 stones; a +2 whip of draining; a kobold skeleton You hit the gnoll.
The gnoll is lightly wounded.
You closely miss the gnoll. The gnoll hits you with a +0 spear.
The gnoll closely misses you. You block the gnoll's attack.
You barely miss the gnoll.
The gnoll is lightly wounded.
You hit the gnoll. The gnoll hits you with a +0 whip.
The gnoll hits you with a +0 spear. The gnoll hits you but does no damage.
You barely miss the gnoll.
The gnoll is lightly wounded.
You barely miss the gnoll. The gnoll closely misses you.
The gnoll hits you with a +0 whip!
You closely miss the gnoll.
The gnoll is lightly wounded.
You closely miss the gnoll. The gnoll hits you with a +0 spear.
The gnoll hits you but does no damage. The gnoll barely misses you.
The gnoll hits you with a +0 whip.
* * * LOW HITPOINT WARNING * * *
You slash the gnoll!
The gnoll is almost dead.
You closely miss the gnoll. The gnoll closely misses you.
The gnoll barely misses you.
You barely miss the gnoll.
The gnoll is almost dead.
You completely miss the gnoll. The gnoll closely misses you.
The gnoll hits you but does no damage. x2
You closely miss the gnoll.
The gnoll is almost dead.
You hit the gnoll. The gnoll barely misses you.
The gnoll hits you with a +0 spear.
* * * LOW HITPOINT WARNING * * *
The gnoll hits you with a +0 whip.
You die...

######### ........#
#######.######## ####
#...........## #..
#.##.###..#..######?#######..# #
#..)..###...........).....#
####.#..†#...#..##.###.########.#
...........#...g@g..##.#
####..........###..#.#.# #
#...........# #......# #
#...........# #..#.#.# #
#.........##......##.# #
##.......###.#.#.###.# #
#......## #.#.... ..# # #...#
.###.# #.# # #.( ..#


You could see 2 gnolls.

Vanquished Creatures
  A hound skeleton (D:2)
  A gnoll (D:2)
  3 adders
  A dart slug (D:2)
  An endoplasm (D:1)
  3 goblins
  3 hobgoblins
  3 jackals (D:2)
  3 quokkas
  4 ball pythons (D:1)
  8 bats
  4 kobolds
  2 rats
37 creatures vanquished.

Vanquished Creatures (others)
  4 plants (D:2)
4 creatures vanquished.

Grand Total: 41 creatures vanquished

Notes
Turn   | Place    | Note
-------+----------+-------------------------------------------
     0 | D:1      | HallandMoats the Ghoul Fighter began the quest for the Orb.
     0 | D:1      | Reached XP level 1. HP: 19/19 MP: 0/0
   335 | D:1      | Reached XP level 2. HP: 26/26 MP: 1/1
  1044 | D:2      | Reached XP level 3. HP: 31/31 MP: 2/2
  1160 | D:2      | Found Begeapt's Jewellery Shop.
  1171 | D:2      | Reached skill level 1 in Invocations
  1425 | D:2      | Reached XP level 4. HP: 29/39 MP: 3/3
  1488 | D:2      | Reached skill level 1 in Dodging
  1732 | D:2      | Slain by a gnoll

Illustrated notes

Levels and vault maps discovered:
D:1:      minmay_arrival_floating_metal, layout_loops_ring
D:2:      cheibrodos_old_hovel, layout_loops_ring, serial_shops, shop_coins

Skill      XL: |  1  2  3  4 |
---------------+-------------+-----
Axes           | 2 |  2.6
Invocations    | 1 |  1.4
Armour         | 3 |  3.0
Shields        | 3 |  3.0
Dodging        | 1 |  1.0
Fighting       | |  3.7

Action                   |  1- 3 |  4- 6 || total
-------------------------+-------+-------++-------
Melee: War axe           |    86 |    23 ||   109
Armor: Scale mail        |    76 |    13 ||    89
Dodge: Dodged            |    72 |    23 ||    95
Block: Buckler           |    19 |     7 ||    26

Table legend: (Time is in decaauts)
 A = Elapsed time spent in this place.
 B = Non-inter-level travel time spent in this place.
 C = Inter-level travel time spent in this place.
 D = Time resting spent in this place.
 E = Time spent auto-exploring this place.
 F = Levels seen in this place.
 G = Mean time per level.
                   A        B        C        D        E       F      G
               +--------+--------+--------+--------+--------+-----+--------+
         Total |   1805 |   1765 |     40 |    195 |   1284 |   2 |  902.5 |
       Dungeon |   1805 |   1765 |     40 |    195 |   1284 |   2 |  902.5 |
               +--------+--------+--------+--------+--------+-----+--------+

Top non-repeatable levels by time:
     D:1: 1210 daAuts
     D:2: 595 daAuts
